Map: Baalpeak LE

Players

BOSSHOORE

  • Race: Terran Terran
  • Spawn Location: 5:00

Leïlla

  • Race: Protoss Protoss
  • Spawn Location: 5:00

Askoet

  • Race: Terran Terran
  • League: Gold
  • Spawn Location: 5:00

StarPippo

  • Race: Terran Terran
  • Spawn Location: 11:00

nrmaster

  • Race: Protoss Protoss
  • Spawn Location: 11:00

AddicTeD

  • Race: Protoss Protoss
  • Spawn Location: 11:00

VOD

Have the link to the VOD?

Description

Time

  • Played on: April 6, 2026, 3:16 p.m.
  • Length: 0:39
Show
View Real Time Build Order
Export as new Build Order

BOSSHOORE Terran 

Build Orders:  

Get SALT Encoding   

  12  0:01  SCV  
  13  0:14  SCV  
  13  0:21  Supply Depot  
Show
View Real Time Build Order
Export as new Build Order

Leïlla Protoss 

Build Orders:  

Get SALT Encoding   

Show
View Real Time Build Order
Export as new Build Order

Askoet Terran 

Build Orders:  

Get SALT Encoding   

  12  0:04  SCV  
  13  0:27  Refinery  
Show
View Real Time Build Order
Export as new Build Order

StarPippo Terran 

Build Orders:  

Get SALT Encoding   

  12  0:01  SCV  
  13  0:16  Supply Depot  
  13  0:27  Refinery  
Show
View Real Time Build Order
Export as new Build Order

nrmaster Protoss 

Build Orders:  

Get SALT Encoding   

  12  0:00  Probe  
  13  0:13  Probe  
  14  0:20  Pylon  
  14  0:25  Probe  
Show
View Real Time Build Order
Export as new Build Order

AddicTeD Protoss 

Build Orders:  

Get SALT Encoding   

  12  0:01  Probe  
  13  0:13  Probe  
  14  0:17  Pylon  
  14  0:25  Probe  
  15  0:31  Assimilator  
Tags
 
Add a new tag
Caveats
  • Supply blocks, unpowered buildings, or Contaminate may cause inaccurate times.
  • Supply counts are checked every 10 seconds.